 Dungeon Crawl Stone Soup version 0.22-a0-567-gff9aefc (webtiles) character file.

434 theanonym the Cudgeler (level 6, 0/50 HPs)
             Began as a Mummy Chaos Knight on June 29, 2018.
             Was an Initiate of Gozag.
             Slain by an orc wizard
             ... wielding a +0 dagger
              (5 damage)
             ... on level 5 of the Dungeon.
             The game lasted 00:05:49 (2527 turns).

theanonym the Cudgeler (Mummy Chaos Knight)         Turns: 2527, Time: 00:05:50

Health: 0/50       AC:  8    Str: 17    XL:     6   Next: 67%
Magic:  6/6        EV:  9    Int: 11    God:    Gozag
Gold:   274        SH:  0    Dex: 12    Spells: 5/5 levels left

rFire    x . .     SeeInvis .   a - +0 mace (chaos)
rCold    + + .     Gourm    .   (no shield)
rNeg     + + +     Faith    .   j - +0 scale mail
rPois    ∞         Spirit   .   (no helmet)
rElec    .         Reflect  .   d - +0 cloak
rCorr    .         Harm     .   (no gloves)
MR       .....                  i - +0 pair of boots
Stlth    ..........             (no amulet)
HPRegen  0.16/turn              c - ring of protection from cold
MPRegen  0.10/turn              (no ring)

@: no status effects
A: no food or potions, fire vulnerability, cold resistance 1, negative energy
resistance 3, torment resistance, unbreathing
a: Potion Petition, Call Merchant, Bribe Branch, Renounce Religion


Innate Abilities, Weirdness & Mutations

You do not eat or drink.
Your flesh is vulnerable to fire.
You are immune to poison.
Your flesh is cold resistant. (rC+)
You are immune to negative energy. (rN+++)
You are immune to unholy pain and torment.
You can survive without breathing.


   Skills:
 + Level 4.9 Fighting
 * Level 5.3 Maces & Flails
 - Level 1.5 Armour
 - Level 0.7 Dodging


You had 5 spell levels left.
You didn't know any spells.
Your spell library was empty.

Skill      XL: |  1  2  3  4  5  6 |
---------------+-------------------+-----
Maces & Flails | 3 4 5 |  5.3
Fighting       | 4 |  4.9
Armour         | |  1.5
Dodging        | |  0.7

Action                   |  1- 3 |  4- 6 || total
-------------------------+-------+-------++-------
Melee: Mace              |   258 |   131 ||   389
Invok: Potion Petition   |       |     1 ||     1
  Use: Scroll            |       |     6 ||     6
 Stab: Paralysed         |     5 |       ||     5
       Invisible         |       |     4 ||     4
       Distracted        |       |     1 ||     1
Armor: Leather armour    |    22 |       ||    22
       Ring mail         |    52 |     3 ||    55
       Scale mail        |       |    93 ||    93
Dodge: Dodged            |   114 |    80 ||   194

Inventory:

Hand Weapons
 a - a +0 mace of chaos (weapon)
Armour
 b - a +2 leather armour
 d - a +0 cloak (worn)
   (You found it on level 1 of the Dungeon)
 g - a +0 ring mail
   (You found it on level 1 of the Dungeon)
 i - a +0 pair of boots (worn)
   (You found it on level 2 of the Dungeon)
 j - a +0 scale mail (worn)
   (You found it on level 3 of the Dungeon)
Jewellery
 c - a ring of protection from cold (left hand)
   (You found it on level 1 of the Dungeon)
Scrolls
 e - a scroll of enchant armour
 f - a scroll of fog


You were on level 5 of the Dungeon.
You worshipped Gozag.
Gozag was aware of your devotion.
You were not hungry.

You visited 1 branch of the dungeon, and saw 5 of its levels.

You collected 300 gold pieces.
You paid 26 gold pieces to Gozag.

Dungeon Overview and Level Annotations

Branches:
Dungeon (6/15)
 Temple: D:4-7

Altars:
Ashenzari
Gozag
Nemelex Xobeh
Okawaru
Qazlal
Xom

#####..####.##
............#...#. $
..#########h.>..$.
..#.......#.#...## #.#
#.#.......#.##.## #.#
#.#.......#.# l# #.# #.#
#h...._.....# # #.# #.#
#Z#.Z....h#.# #.# ### #.#
#@#...)...#.# ##.###.## #.#
##{#....h..#.# #.......# #.#
#.h####.####.#
#..###.####.###....oh......#
#...................$.....##
.....#................###.#
#.##.######.#########.#
#.##.# #.# .# #.##.# #.# .#


You could see 2 jackals and a hound skeleton.

Notes
Turn   | Place    | Note
-------+----------+-------------------------------------------
     0 | D:1      | theanonym the Mummy Chaos Knight began the quest for the Orb.
     0 | D:1      | Reached XP level 1. HP: 18/18 MP: 1/1
    36 | D:1      | XOM: potion effect (haste)
    95 | D:1      | Reached XP level 2. HP: 23/24 MP: 2/2
   100 | D:1      | Reached skill level 3 in Maces & Flails
   397 | D:1      | Reached XP level 3. HP: 22/29 MP: 3/3
   907 | D:2      | XOM: divination: detect creatures
   908 | D:2      | HP: 13/29 [quokka (3)]
   931 | D:2      | XOM: mild Hex miscast
   987 | D:2      | XOM: medium Necr miscast
   988 | D:2      | Noticed a shadow
   988 | D:2      | Noticed a shadow
  1162 | D:2      | Found a shattered altar of Ashenzari.
  1343 | D:2      | Found an opulent altar of Gozag.
  1353 | D:2      | Fell from the grace of Xom
  1353 | D:2      | Became a worshipper of Gozag Ym Sagoz the Greedy
  1385 | D:2      | Found a shimmering altar of Xom.
  1487 | D:2      | Found a stormy altar of Qazlal.
  1654 | D:2      | Reached XP level 4. HP: 28/37 MP: 4/4
  1830 | D:3      | XOM: noise
  1959 | D:3      | You fall through a shaft for 3 floors!
  1959 | D:6      | Found a sparkling altar of Nemelex Xobeh.
  2001 | D:6      | Noticed a bullfrog
  2008 | D:6      | Killed a bullfrog
  2008 | D:6      | Reached skill level 4 in Fighting
  2008 | D:6      | Reached skill level 4 in Maces & Flails
  2008 | D:6      | Reached XP level 5. HP: 42/42 MP: 5/5
  2069 | D:6      | HP: 19/42 [something (6)]
  2080 | D:6      | HP: 10/42 [something (4)]
  2081 | D:5      | Entered Level 5 of the Dungeon
  2091 | D:5      | HP: 5/42 [worker ant (6)]
  2118 | D:5      | HP: 7/42 [jackal (2)]
  2150 | D:5      | Found an iron altar of Okawaru.
  2191 | D:5      | HP: 21/43 [orc wizard/dagger (2)]
  2193 | D:5      | Reached XP level 6. HP: 24/49 MP: 6/6
  2413 | D:5      | Reached skill level 5 in Maces & Flails
  2511 | D:5      | HP: 25/50 [hound skeleton (1)]
  2516 | D:5      | HP: 17/50 [something (4)]
  2519 | D:5      | HP: 8/50 [something (2)]
  2525 | D:5      | HP: 4/50 [hound skeleton (2)]
  2527 | D:5      | Slain by an orc wizard

Vanquished Creatures
  A bullfrog (D:6)
  A scorpion (D:5)
  A crimson imp (D:5)
  A hound (D:5)
  4 orc wizards (D:5)
  A worker ant (D:5)
  A gnoll (D:1)
  2 adders
  2 oozes
  A dart slug (D:1)
  3 leopard geckos
  3 orcs (D:5)
  A giant cockroach (D:3)
  10 goblins
  4 hobgoblins
  5 jackals (D:5)
  3 quokkas (D:2)
  2 ball pythons (D:1)
  5 bats
  4 frilled lizards
  6 kobolds
  A quokka zombie (D:2)
  5 rats
  A bush (D:1)
  2 plants (D:1)
70 creatures vanquished.

Vanquished Creatures (others)
  An orc wizard (D:5)
1 creature vanquished.

Grand Total: 71 creatures vanquished

Table legend:
 A = Turns spent in this place as a percentage of turns spent in the entire game.
 B = Non-inter-level travel turns spent in this place as a percentage of non-inter-level travel turns spent in the entire game.
 C = Inter-level travel turns spent in this place as a percentage of turns spent in this place.
 D = Turns resting spent in this place as a percentage of non-inter-level travel turns spent in this place.
 E = Turns spent auto-exploring this place as a percentage of non-inter-level travel turns spent in this place.
 F = Non-inter-level travel turns spent in this place divided by the number of levels of this place that you've seen.
                   A       B       C       D       E      F
               +-------+-------+-------+-------+-------+----------------------
         Total | 100.0 | 100.0 |   2.1 |  33.6 |  37.5 | 494.6
       Dungeon | 100.0 | 100.0 |   2.1 |  33.6 |  37.5 | 494.6
               +-------+-------+-------+-------+-------+----------------------
